 Dungeon Crawl Stone Soup version 0.28.0-53-g5a82cb258f (webtiles) character file.

Game seed: 2989631984364054284

79 ksawer the Slasher (level 4, -3/34 HPs)
             Began as a Human Gladiator on Aug 19, 2022.
             Slain by Sigmund
             ... wielding a +1 vampiric scythe
              (7 damage)
             ... on level 2 of the Dungeon.
             The game lasted 00:02:08 (1861 turns).

ksawer the Slasher (Human Gladiator)                Turns: 1861, Time: 00:02:09

Health: -3/34      AC:  4    Str: 15    XL:     4   Next: 64%
Magic:  4/4        EV: 13    Int:  8    God:
Gold:   40         SH:  0    Dex: 16    Spells: 3/3 levels left

rFire   . . .      SeeInvis .   a - +0 long sword
rCold   . . .      Faith    .   (no shield)
rNeg    . . .      Spirit   .   b - +0 leather armour
rPois   .          Reflect  .   c - +0 helmet
rElec   .          Harm     .   (no cloak)
rCorr   .          Rampage  .   (no gloves)
Will    .....                   (no boots)
Stlth   +.........              (no amulet)
HPRegen 0.11/turn               (no ring)
MPRegen 0.09/turn               (no ring)

@: lethally poisoned (-3 -> -4)
A: no striking features
a: no special abilities


You were on level 2 of the Dungeon.
You visited 1 branch of the dungeon, and saw 2 of its levels.

You collected 40 gold pieces.

Inventory:

Hand Weapons
 a - a +0 long sword (weapon)
Missiles
 d - 3 throwing nets (quivered)
Armour
 b - a +0 leather armour (worn)
 c - a +0 helmet (worn)
Scrolls
 i - a scroll of immolation {unknown}
 j - a scroll of amnesia {unknown}
Potions
 f - a potion of ambrosia
 g - a potion of heal wounds {unknown}
 h - a potion of invisibility {unknown}


   Skills:
 + Level 2.3 Fighting
 + Level 4.2 Long Blades
 + Level 2.0 Throwing
 + Level 1.2 Armour
 + Level 3.3 Dodging
 + Level 0.1 Stealth


You had 3 spell levels left.
You didn't know any spells.
Your spell library contained the following spells:

 Spells                   Type           Power      Damage    Failure   Level
 Ozocubu's Armour         Ice            0%         N/A       85%         3
 Ozocubu's Refrigeration  Ice            0%         4d5       100%        7


Dungeon Overview and Level Annotations

Branches:
Dungeon (2/15)

Altars:

Annotations:
D:2 Sigmund


Message History

The ball python constricts you. The ball python bites you.
The ball python constricts you.
You closely miss the ball python.
The ball python is heavily wounded.
The adder bites you but does no damage. The ball python barely misses you.
The ball python constricts you. The adder closely misses you.
You closely miss the ball python.
The ball python is heavily wounded.
The ball python barely misses you. The ball python constricts you.
The adder barely misses you.
You hit the ball python.
You kill the ball python!
The adder seems to regain its courage.
The adder bites you. x2
The adder bites you.
You see here a ball python corpse.
You hit the adder.
The adder is lightly wounded.
The adder barely misses you.
You miss the adder.
The adder is lightly wounded.
The adder bites you.
* * * LOW HITPOINT WARNING * * *
You are confused.
The adder bites you but does no damage. The adder bites you.
* * * LOW HITPOINT WARNING * * *
You are poisoned.
The adder poisons you!
You're too confused to move!
You feel sick.
The adder bites you but does no damage. x2
You slash the adder!
The adder is almost dead.
You feel sick. The adder closely misses you.
You bump into the rock wall.
You feel sick. The adder bites you but does no damage.
You barely miss the adder.
The adder is almost dead.
You feel less confused.
You feel sick. The adder bites you but does no damage. Something hits you!
You die...

######### #.......####
#... #...(......#
##...##..........#
#................# .
.#................#.#
............@........
.........###S†.......
.#..##...####...#....
.....'...'......# ..
....##...####.#.# .
..............#.###...
....#.....###.#.......
....#............###
.........................


You could see an adder.

Vanquished Creatures
  A gnoll (D:1)
  An adder (D:2)
  A worm (D:2)
  5 dart slugs
  An endoplasm (D:1)
  A giant cockroach (D:1)
  8 goblins (D:1)
  9 hobgoblins
  3 quokkas (D:1)
  4 ball pythons
  3 bats
  4 kobolds (D:1)
  A rat (D:2)
42 creatures vanquished.

Notes
Turn   | Place    | Note
-------+----------+-------------------------------------------
     0 | D:1      | ksawer the Human Gladiator began the quest for the Orb.
     0 | D:1      | Reached XP level 1. HP: 16/16 MP: 1/1
   180 | D:1      | Reached XP level 2. HP: 22/22 MP: 2/2
   656 | D:1      | Reached XP level 3. HP: 25/27 MP: 3/3
  1170 | D:1      | Reached skill level 1 in Armour
  1388 | D:1      | Reached XP level 4. HP: 33/33 MP: 4/4
  1554 | D:2      | Reached skill level 4 in Long Blades
  1826 | D:2      | Noticed Sigmund
  1861 | D:2      | Slain by Sigmund

Illustrated notes

Levels and vault maps discovered:
D:1:      dpeg_arrival_arbitrary_b, layout_basic, columned_hall_lemuel
D:2:      layout_basic, mrwooster_statue_mirror, uniq_sigmund

Skill      XL: |  1  2  3  4 |
---------------+-------------+-----
Armour         | 1 |  1.2
Long Blades    | 4 |  4.2
Fighting       | |  2.3
Throwing       | |  2.0
Dodging        | |  3.3
Stealth        | |  0.1

Action                   |  1- 3 |  4- 6 || total
-------------------------+-------+-------++-------
Melee: Long sword        |    79 |    48 ||   127
       Punch             |     1 |     1 ||     2
  Use: Scroll            |       |     3 ||     3
 Stab: Sleeping          |     2 |       ||     2
Armor: Leather armour    |    13 |    15 ||    28
Dodge: Dodged            |    44 |    31 ||    75
